 Dungeon Crawl Stone Soup version 0.19.1 (webtiles) character file.

1021748 TheWoodenMan the Executioner (level 27, -8/248 (250) HPs)
             Began as a Minotaur Fighter on Dec 8, 2016.
             Was the Champion of the Shining One.
             Succumbed to Gloorx Vloq's dark miasma
             ... in Pandemonium on Dec 10, 2016.
             The game lasted 08:51:52 (105667 turns).

TheWoodenMan the Executioner (Minotaur Fighter)   Turns: 105667, Time: 08:51:53

HP:   -8/248 (250)  AC: 29    Str: 19    XL:     27
MP:   35/40         EV: 34    Int: 11    God:    the Shining One [******]
Gold: 10339         SH: 24    Dex: 34    Spells: 14 memorised, 9 levels left

rFire  + + .     SeeInvis +     a - +9 broad axe (holy)
rCold  + + +     Gourm    .     L - +6 scale mail of the Echidna {rElec rF- Slay+6 Stlth-}
rNeg   + + +     Faith    .     y - +2 shield of Resistance {rF+ rC+ MR+}
rPois  .         Spirit   .     Q - +2 hat {SInv}
rElec  +         Reflect  .     d - +2 cloak {+Inv}
rCorr  .         Harm     .     Y - +0 pair of fencer's gloves {+Riposte Dex+3}
MR     ++++.                    D - +0 pair of boots of Hangman {rC+ Dex+4}
Stlth  ..........               x - amulet of Tuczano {*Contam +Rage rF++ rC+}
                                K - ring of Pessimism {*Drain +Blink Str-2 Dex+8 Slay+2}
                                R - ring "Puwk" {rElec rN+ MR+ Str-4 Int+4}

@: lethally poisoned (-8 -> -219), shrouded, very slightly contaminated, hasted
and slowed, glowing, repel missiles
A: retaliatory headbutt, horns 2, repulsion field 1, icy blue scales 1, large
bone plates 1, dopey 1, high mp 1, strong 2
a: Divine Shield, Cleansing Flame, Summon Divine Warrior, Renounce Religion,
Evoke Blink, Evoke Berserk Rage, Evoke Invisibility
}: 8/15 runes: decaying, serpentine, slimy, silver, golden, abyssal, demonic,
magical


You were in Pandemonium.
You worshipped the Shining One.
The Shining One was exalted by your worship.
You were very full.

You visited 13 branches of the dungeon, and saw 58 of its levels.
You visited Pandemonium 2 times, and saw 11 of its levels.
You visited the Abyss 6 times.
You also visited: Labyrinth, Trove, Ice Cave and Volcano.

You collected 14985 gold pieces.
You spent 2472 gold pieces at shops.
You donated 2174 gold pieces to Zin.

Inventory:

Hand Weapons
 a - a +9 broad axe of holy wrath (weapon)
 b - a +5 hand crossbow of freezing
 c - a +6 broad axe of flaming
Missiles
 l - 2318 bolts
 B - 4 throwing nets (quivered)
Armour
 d - a +2 cloak of invisibility (worn)
 r - the +5 plate armour "Osuceumud" {rC+ Regen+ Int+3}
   (You found it on level 2 of the Depths)

   It affects your intelligence (+3).
   It protects you from cold.
   It increases your rate of regeneration.
 y - the +2 shield of Resistance (worn) {rF+ rC+ MR+}
   (You found it on level 3 of the Elven Halls)

   It protects you from fire.
   It protects you from cold.
   It affects your resistance to hostile enchantments.
 D - the +0 pair of boots of Hangman (worn) {rC+ Dex+4}
   (Okawaru gifted it to you on level 1 of the Swamp)

   It affects your dexterity (+4).
   It protects you from cold.
 L - the +6 scale mail of the Echidna (worn) {rElec rF- Slay+6 Stlth-}
   (You found it on level 5 of the Pits of Slime)

   It affects your accuracy and damage with ranged weapons and melee attacks
   (+6).
   It makes you vulnerable to fire.
   It insulates you from electricity.
   It makes you less stealthy.
 Q - a +2 hat of see invisible (worn)
 T - a +2 pair of boots of flying
 Y - the +0 pair of fencer's gloves (worn) {+Riposte Dex+3}
   (You found it on level 5 of the Pits of Slime)

   It affects your dexterity (+3).
Rods
 q - a +4 lightning rod (11/11)
   (You found it on level 6 of the Lair of Beasts)
Jewellery
 x - the amulet of Tuczano (around neck) {*Contam +Rage rF++ rC+}
   (You found it on level 3 of the Tomb of the Ancients)

   [amulet of rage]

   It greatly protects you from fire.
   It protects you from cold.
   It lets you go berserk.
   It causes magical contamination when unequipped.
 E - an uncursed ring of resist corrosion
 K - the ring of Pessimism (right hand) {*Drain +Blink Str-2 Dex+8 Slay+2}
   (You found it on level 1 of the Abyss)

   [ring of strength]

   It affects your strength (-2).
   It affects your dexterity (+8).
   It affects your accuracy and damage with ranged weapons and melee attacks
   (+2).
   It lets you blink.
   It causes draining when unequipped.
 R - the ring "Puwk" (left hand) {rElec rN+ MR+ Str-4 Int+4}
   (You found it on level 5 of the Pits of Slime)

   [ring of protection from magic]

   It affects your strength (-4).
   It affects your intelligence (+4).
   It insulates you from electricity.
   It protects you from negative energy.
   It affects your resistance to hostile enchantments.
 W - the ring of Greed {*Corrode rF+ rN+ MR++ Str+4}
   (You found it on level 5 of the Depths)

   [ring of positive energy]

   It affects your strength (+4).
   It protects you from fire.
   It protects you from negative energy.
   It affects your resistance to hostile enchantments.
   It may corrode you when you take damage.
Wands
 j - a wand of teleportation (8/9)
 v - a wand of digging (13/24)
 I - a wand of teleportation (8/9)
 S - a wand of hasting (8/9)
 V - a wand of disintegration (11/24)
Scrolls
 e - 10 scrolls of magic mapping
 g - 35 scrolls of remove curse
 h - 5 scrolls of summoning
 n - 3 scrolls of recharging
 s - 9 scrolls of fear
 t - 17 scrolls of teleportation
 G - 2 scrolls of silence
 M - 9 scrolls of blinking
 N - a scroll of holy word
 O - 8 scrolls of fog
 P - 25 scrolls of identify
Potions
 i - 4 potions of cancellation
 m - 3 potions of agility
 o - 4 potions of resistance
 p - 7 potions of curing
 z - 6 potions of might
 C - a potion of cure mutation
 J - 4 potions of heal wounds
Miscellaneous
 A - 6 phantom mirrors
Comestibles
 f - 31 bread rations


   Skills:
 + Level 21.3 Fighting
 + Level 25.3(25.5) Axes
   Level 7.0(18.4) Polearms
 - Level 20.0 Crossbows
 + Level 21.1 Armour
 - Level 20.0 Dodging
 + Level 21.5 Shields
 - Level 11.0 Spellcasting
 - Level 11.0 Hexes
 + Level 14.5 Charms
 - Level 5.0 Summonings
   Level 5.0 Necromancy
 + Level 11.0 Translocations
 - Level 5.4 Transmutations
 + Level 11.7 Air Magic
 - Level 5.2 Earth Magic
 + Level 17.7 Invocations
 - Level 15.3 Evocations


You had 9 spell levels left.
You knew the following spells:

 Your Spells              Type           Power        Failure   Level  Hunger
a - Infusion              Chrm           ####         1%          1    None
b - Song of Slaying       Chrm           #####...     1%          2    None
c - Shroud of Golubria    Chrm/Tloc      ####......   1%          2    None
d - Repel Missiles        Chrm/Air       ####..       1%          2    None
e - Dispersal             Tloc           ####......   38%         6    #######
f - Summon Butterflies    Summ           ###.....     2%          1    None
g - Deflect Missiles      Chrm/Air       ####......   17%         6    #######
h - Blink                 Tloc           N/A          1%          2    None
i - Silence               Hex/Air        ####......   8%          5    #####..
j - Passage of Golubria   Tloc           N/A          2%          4    ####...
k - Passwall              Tmut/Erth      ###.......   3%          2    None
l - Apportation           Tloc           ####......   1%          1    None
m - Swiftness             Chrm/Air       ####....     1%          2    None
n - Teleport Other        Tloc           ####....     1%          3    ##.....


Dungeon Overview and Level Annotations

Branches:
Dungeon (15/15)            Temple (1/1) D:7            Lair (6/6) D:11
  Swamp (4/4) Lair:4        Snake (4/4) Lair:4        Slime (5/5) Lair:5
    Orc (2/2) D:9             Elf (3/3) Orc:2        Vaults (5/5) D:13
  Crypt (3/3) Vaults:3       Tomb (3/3) Crypt:3      Depths (5/5) D:15
    Zot (2/5) Depths:5

Altars:
Ashenzari
Cheibriados
Dithmenos
Elyvilon
Fedhas
Gozag
Hepliaklqana
Kikubaaqudgha
Makhleb
Nemelex Xobeh
Okawaru
Qazlal
Ru
Sif Muna
Trog
Uskayaw
Vehumet
Xom
Yredelemnul
Zin
The Shining One
Beogh
Lugonu

Shops:
D:15 }   Orc:2 [([%   Elf:1 *=*   Elf:2 (   Snake:1 ==}   Vaults:1 (
Depths:3 [

Portals:
Hell: Depths:1 Depths:2 Depths:3 Depths:4 Depths:5
Abyss: Depths:1 Depths:2 Depths:3
Pandemonium: Depths:3 Depths:4
Ziggurat: Depths:3

Annotations:
D:9 5 runed doors
Depths:4 exclusion: orange crystal statue
Pan Gloorx Vloq


Innate Abilities, Weirdness & Mutations

You reflexively headbutt those who attack you in melee.
You have a pair of horns on your head.
You are surrounded by a mild repulsion field. (EV +2)
You are partially covered in icy blue scales. (AC +2)
You are partially covered in large bone plates. (SH +4)
You are dopey. (Int -2)
You have an increased reservoir of magic. (+10% MP)
Your muscles are very strong. (Str +4)


Message History

* * * LOW HITPOINT WARNING * * *
x2 You feel extremely sick.
Your angel gestures.
Your angel is healed somewhat.
You block the Executioner's attack. The Executioner misses you.
You block the Executioner's attack.
Your angel hits Gloorx Vloq with a whip of holy wrath.
Gloorx Vloq convulses.
Your angel hits Gloorx Vloq with a whip of holy wrath.
Gloorx Vloq convulses.
Send 'em back where they came from!
The Shining One protects your fellow warrior from evil magic!
You are engulfed in dark miasma.
You are more poisoned.
* * * LOW HITPOINT WARNING * * *
Your surroundings suddenly seem different.
* * * LOW HITPOINT WARNING * * *
You feel extremely sick.
An Executioner comes into view.
The Executioner gives a hideous shriek!
You die...

# #..#############
................
....1..@........ #..#
#..######..##### #..# #..#
#..# #..# #..# #∩.# #..# #..#
#..# #..# #..# #..# #..# #..#
#..#
###..#####..######..########.
.∩..........................$


You could see an Executioner.

Vanquished Creatures
  the Royal Jelly (Slime:5)
  Lom Lobon (Pan)
  A seraph (Pan)
  Khufu (Crypt:1)
  Mara (Tomb:2)
  Mennas (Vaults:2)
  5 ancient liches
  A pandemonium lord (Pan)
  Sojobo (Vaults:3)
  Boris (thrice) (Vaults:2 Depths:3 Depths:5)
  20 greater mummies
  Saint Roka (Depths:3)
  Xtahua (Crypt:1)
  A Killer Klown (Zot:2)
  Vashnia (Snake:3)
  2 caustic shrikes (Depths:2)
  A profane servitor (Abyss:2)
  2 pearl dragons (Pan)
  16 bone dragons
  3 golden dragons
  Jory (Vaults:2)
  4 electric golems
  3 Brimstone Fiends (Pan)
  2 hellephants
  5 Hell Sentinels
  7 tentacled monstrosities
  6 deep elf blademasters
  6 deep elf master archers
  15 liches
  4 quicksilver dragons
  18 titans
  14 sphinxes
  14 acid blobs
  Gastronok (Lair:2)
  2 ancient champions
  51 tentacled starspawn
  5 death cobs
  12 Executioners (Pan)
  3 thorn hunters
  7 revenants
  Roxanne (Snake:4)
  9 storm dragons
  Donald (Vaults:4)
  2 draconian monks
  10 shadow dragons
  9 nagarajas
  21 daevas
  9 tengu reavers
  10 azure jellies
  2 orc warlords
  16 fire giants
  A draconian knight (Zot:2)
  27 frost giants
  A ghost moth (Zot:2)
  5 cacodemons
  9 balrugs
  The ghost of Quirk the Warrior, an adept GrFi of Qazlal (Snake:1)
  17 vault wardens
  2 iron dragons
  A ghost moth (shapeshifter) (Vaults:3)
  Louise (Swamp:4)
  5 curse skulls
  2 draconian shifters
  Aizul (Snake:3)
  3 black suns (Pan)
  8 deep elf elementalists
  2 ghouls
  37 angels
  14 deep elf sorcerers
  2 draconian zealots
  A draconian caller (Zot:2)
  27 very ugly things
  33 apis (Pan)
  4 war gargoyles
  4 reapers
  4 bennus (Tomb:2)
  2 draconian annihilators (Pan)
  16 ironheart preservers
  2 corrupters (Pan)
  13 deep elf demonologists
  2 entropy weavers
  2 green draconians (Zot:2)
  30 stone giants
  3 vampire knights
  8 purple draconians
  3 yellow draconians
  19 ophanim (Pan)
  8 red draconians
  5 white draconians
  2 mottled draconians
  5 deep elf annihilators (Elf:3)
  7 black draconians
  5 lorocyprocas
  A dire elephant (shapeshifter) (Vaults:4)
  21 ettins
  A spark wasp (Depths:1)
  2 crystal guardians
  7 deep elf death magi
  6 blizzard demons
  4 jiangshi
  A quicksilver dragon zombie (Abyss:1)
  4 eidola
  7 death oozes (Slime:5)
  A minotaur (Lab)
  11 green deaths
  26 mummy priests
  10 deep elf high priests
  Josephine (Snake:1)
  20 yaktaur captains
  14 fire dragons
  A quicksilver dragon skeleton (Abyss:1)
  Erolcha (Orc:1)
  Harold (D:12)
  22 great orbs of eyes
  Fannar (Orc:1)
  14 ice dragons
  10 rakshasas
  A hell beast (Pan)
  24 hydras
  18 ogre magi
  2 spriggan air magi
  37 vault guards
  17 anacondas
  14 centaur warriors
  A caustic shrike simulacrum (Depths:4)
  11 death knights
  A merfolk avatar (Lair:6)
  10 naga warriors
  35 dancing weapons
  A monstrous demonspawn (Pan)
  9 deep troll shamans
  57 death scarabs
  9 alligators
  4 death yaks (IceCv)
  11 spriggan berserkers
  6 deep troll earth magi
  7 vampire magi
  15 naga sharpshooters
  Urug (Orc:1)
  6 tengu warriors
  15 sun demons
  8 shock serpents
  An orc high priest (Orc:2)
  A hell hog (Abyss:1)
  12 spriggans
  54 thrashing horrors
  A storm dragon zombie (Vaults:1)
  Nergalle (Orc:1)
  31 deep elf knights
  22 hell knights
  The ghost of Cokeysmoke the Blocker, a novice FoFi of Okawaru (D:7)
  A sea snake (shapeshifter) (Vaults:4)
  13 soul eaters
  2 fire crabs (Swamp:4)
  2 titan skeletons
  16 shadow wraiths
  37 wretched stars
  4 death drakes
  A fire crab (shapeshifter) (Depths:1)
  A spectral anaconda (Depths:4)
  An iron troll (Depths:1)
  52 skeletal warriors
  An anaconda zombie (Abyss:2)
  17 cherubim (Pan)
  A death drake (shapeshifter) (Vaults:5)
  11 glowing orange brains
  19 sixfirhies
  7 swamp dragons
  2 infernal demonspawn (Pan)
  A swamp dragon (shapeshifter) (D:15)
  18 deep trolls
  A gelid demonspawn (Pan)
  2 sea snakes (Lair:6)
  A spriggan druid (Swamp:4)
  A spectral hydra (Depths:4)
  An unseen horror (shapeshifter) (Vaults:4)
  13 ironbrand convokers
  3 lindwurms
  2 shadow dragon zombies
  11 unseen horrors
  12 spatial maelstroms
  6 hill giants
  11 wizards
  10 orc knights
  7 flayed ghosts
  10 naga ritualists
  A tengu zombie (Depths:4)
  155 starcursed masses
  2 shadow demons (Pan)
  2 anaconda skeletons
  15 harpies
  29 deep elf archers
  3 shambling mangroves
  6 necromancers
  2 golden dragon skeletons
  93 deep elf magi
  A wolf spider zombie (Vaults:1)
  A hell hog zombie (Crypt:1)
  2 orange crystal statues
  5 wolf spiders
  9 phantasmal warriors
  A fire giant zombie (Abyss:1)
  A frost giant zombie (Depths:4)
  A stone giant zombie (Abyss:4)
  51 ugly things
  17 mana vipers
  6 shining eyes
  19 worldbinders
  4 orc sorcerers
  2 shadow dragon skeletons
  10 cyclopes
  A moth of wrath (shapeshifter) (Abyss:1)
  10 salamanders
  3 manticores
  2 frost giant skeletons
  34 black mambas
  22 elephants
  15 fire giant skeletons
  A toenail golem (Volcano)
  14 guardian serpents
  3 iron dragon skeletons
  9 apocalypse crabs
  4 stone giant skeletons
  8 rust devils
  12 moths of wrath
  A spriggan zombie (Depths:1)
  A centaur zombie (D:15)
  19 vault sentinels
  A torpor snail (Lair:6)
  2 dire elephant zombies
  20 orange demons
  3 eyes of devastation
  An ice statue (IceCv)
  A shock serpent skeleton (Pan)
  17 naga magi
  53 smoke demons
  7 gargoyles
  A mottled draconian zombie (Crypt:1)
  32 spiny frogs
  3 molten gargoyles (Volcano)
  7 kobold demonologists
  2 dire elephant skeletons
  A spark wasp simulacrum (Depths:4)
  6 rime drakes
  8 hellions
  46 yaktaurs
  15 freezing wraiths
  11 efreet
  10 komodo dragons
  An anaconda simulacrum (Depths:4)
  2 spectral merfolk (Depths:4)
  18 hellwings
  5 tormentors
  A hydra zombie (Tomb:2)
  12 demonic crawlers
  62 guardian mummies
  37 ancient zymes
  12 red devils
  3 silent spectres
  4 ice devils (Abyss:1)
  4 trolls
  A wind drake (Lair:6)
  7 tyrant leeches
  A shadow dragon simulacrum (Abyss:1)
  3 meliai (D:15)
  A polar bear (shapeshifter) (Vaults:4)
  2 tengu conjurers
  A mottled draconian skeleton (Crypt:1)
  A minotaur zombie (Abyss:1)
  A wind drake (shapeshifter) (Vaults:2)
  A sphinx simulacrum (Vaults:1)
  A tengu simulacrum (Vaults:3)
  19 polar bears
  11 blink frogs
  117 slime creatures
  36 two-headed ogres
  A two-headed ogre (shapeshifter) (Vaults:1)
  Prince Ribbit (D:6)
  A minotaur skeleton (Lab)
  2 ettin zombies
  A tarantella zombie (Crypt:1)
  Grinder (D:3)
  A fire dragon zombie (Depths:1)
  5 hippogriffs
  103 raiju
  37 hornets
  A fire giant simulacrum (Abyss:1)
  6 bog bodies
  A meliai zombie (Crypt:2)
  A stone giant simulacrum (Abyss:4)
  2 ice dragon skeletons
  111 small abominations
  6 fire dragon skeletons (Crypt:3)
  A dream sheep (shapeshifter) (Abyss:1)
  5 redbacks
  An alligator skeleton (Crypt:3)
  48 flying skulls
  14 shadows
  A tarantella (Vaults:3)
  2 tarantellas (shapeshifter)
  13 water elementals
  4 air elementals
  A black mamba zombie (Crypt:3)
  An ettin skeleton (Crypt:3)
  2 spriggans (shapeshifter)
  10 fire elementals
  17 ushabtiu
  4 vampires
  37 ynoxinuls
  27 wraiths
  4 fire bats
  50 yaks
  7 wyverns
  A fire bat (shapeshifter) (Abyss:2)
  23 golden eyes
  3 basilisks
  34 chaos spawn
  The ghost of Philosophy the Shield-Bearer, an amateur FoFi (D:3)
  10 hungry ghosts
  A black mamba skeleton (Crypt:3)
  A yaktaur simulacrum (Vaults:1)
  A red draconian simulacrum (Abyss:1)
  An elf skeleton (Vaults:1)
  27 neqoxecs
  4 steam dragons
  20 vampire mosquitoes
  2 human simulacra
  28 insubstantial wisps
  A glowing shapeshifter zombie (Crypt:1)
  120 large abominations
  A naga (shapeshifter) (Vaults:3)
  18 spatial vortices
  5 mottled dragons
  16 wargs
  13 swamp worms
  A spectral spriggan (Depths:4)
  38 nagas
  A soldier ant (D:11)
  15 water moccasins
  12 hell hounds
  3 spectral trolls (Depths:4)
  A spiny frog zombie (Abyss:1)
  7 swamp drakes
  A deep troll skeleton (Vaults:5)
  A faun skeleton (Crypt:1)
  2 ice dragon simulacra
  48 orc warriors
  2 porcupines (Lair:1)
  3 floating eyes
  2 phantoms
  A spiny frog skeleton (Tomb:1)
  A torturous demonspawn skeleton (Abyss:4)
  9 sky beasts
  A black bear (Lair:2)
  10 ice beasts
  2 snapping turtle zombies
  A swamp dragon skeleton (Pan)
  10 eyes of draining
  11 boggarts
  A tengu (shapeshifter) (Vaults:5)
  54 ogres
  A snapping turtle skeleton (Crypt:3)
  38 wolves
  36 centaurs
  14 crocodiles
  6 big kobolds
  A wyvern zombie (D:8)
  26 bullfrogs
  9 earth elementals
  A yaktaur skeleton (Depths:1)
  A salamander skeleton (Crypt:1)
  A wyvern skeleton (Crypt:2)
  2 scorpions (D:5)
  A troll zombie (Abyss:4)
  An elf simulacrum (Vaults:1)
  4 spectral ogres (Depths:4)
  18 killer bees
  33 wights
  2 spectral nagas (Depths:4)
  2 howler monkeys
  3 electric eels
  2 spectral centaurs (Depths:4)
  10 crimson imps
  2 bullfrog zombies
  22 quasits
  A lava snake (Swamp:4)
  4 hounds
  12 jellies
  Crazy Yiuf (D:2)
  30 orc priests
  10 centaur skeletons
  28 orc wizards
  2 bullfrog skeletons
  8 iguanas
  17 iron imps
  9 worker ants
  A lightning spire (Zot:1)
  A spriggan simulacrum (Depths:4)
  2 troll simulacra (Depths:4)
  A naga zombie (Crypt:2)
  A mottled dragon skeleton (Crypt:2)
  An ogre skeleton (Crypt:2)
  A hound zombie (D:11)
  2 hound skeletons
  49 mummies
  A worker ant zombie (D:11)
  4 gnolls
  9 adders
  A howler monkey skeleton (D:5)
  A scorpion zombie (Crypt:1)
  8 shadow imps
  22 white imps
  18 ufetubi
  3 oozes (Lair:5)
  An adder zombie (D:6)
  An iguana zombie (Crypt:2)
  2 worms
  A ball lightning (Pan)
  5 leopard geckos
  143 orcs
  9 giant cockroaches
  8 goblins
  6 hobgoblins
  9 jackals
  7 quokkas
  3 ball pythons
  6 bats
  A dart slug zombie (Crypt:2)
  9 frilled lizards
  21 kobolds
  A kobold skeleton (Abyss:1)
  A leopard gecko zombie (D:7)
  3 rats
  7 briar patches (Swamp:3)
  A butterfly (D:11)
  A demonic plant (Pan)
  A fire vortex (Volcano)
  2 fungi
  4 lurking horrors
  2 plants
  36 starspawn tentacles
  2 withered plants (Crypt:3)
4691 creatures vanquished.

Vanquished Creatures (collateral kills)
  An Ice Fiend (Pan)
  An azure jelly (Slime:5)
  A death ooze (Slime:5)
  A rakshasa (Pan)
  A slime creature (Slime:5)
  A neqoxec (Pan)
6 creatures vanquished.

Vanquished Creatures (others)
  A lich (Abyss:1)
  An Executioner (Pan)
  A fire giant (Abyss:1)
  A very ugly thing (Abyss:1)
  A vault guard (Vaults:5)
  A dancing weapon (Elf:2)
  43 death scarabs
  A deep elf knight (Elf:2)
  A wretched star (Abyss:1)
  A skeletal warrior (Tomb:2)
  An ironbrand convoker (Vaults:2)
  A naga mage (Snake:4)
  A centaur skeleton (D:14)
  A freezing wraith (Abyss:1)
  A hydra zombie (Tomb:2)
  4 raiju
  3 flying skulls
  An air elemental (Depths:5)
  2 ynoxinuls (Abyss:1)
  9 small abominations
  A neqoxec (Pan)
  A mottled dragon (Swamp:4)
  A spatial vortex (Abyss:1)
  3 steam dragons (Swamp:4)
  A water moccasin (Lair:5)
  A swamp drake (Swamp:4)
  A sky beast (D:10)
  An ettin simulacrum (Tomb:2)
  An ogre (Vaults:3)
  A bullfrog (D:15)
  A killer bee (Abyss:1)
  A quasit (Abyss:1)
  A jelly (Abyss:1)
  2 mummies (Tomb:2)
  2 white imps (Abyss:1)
  2 ufetubi (Abyss:1)
  2 ball lightnings (Pan)
  An orc (Orc:1)
  A demonic plant (Pan)
  16 fungi
  2 lurking horrors
  A pillar of salt (Abyss:4)
  33 plants
  119 starspawn tentacles
  16 withered plants (Crypt:3)
288 creatures vanquished.

Grand Total: 4985 creatures vanquished

Notes
Turn   | Place    | Note
-------+----------+-------------------------------------------
     0 | D:1      | TheWoodenMan the Minotaur Fighter began the quest for the Orb.
     0 | D:1      | Reached XP level 1. HP: 19/19 MP: 0/0
    56 | D:1      | Reached skill level 3 in Axes
   358 | D:1      | Reached XP level 2. HP: 26/26 MP: 1/1
   879 | D:1      | Reached skill level 4 in Axes
   879 | D:1      | Reached XP level 3. HP: 10/31 MP: 2/2
  1262 | D:2      | Reached skill level 5 in Axes
  1362 | D:2      | Reached XP level 4. HP: 39/39 MP: 3/3
  1746 | D:2      | Found a runed door.
  1779 | D:2      | Noticed Crazy Yiuf
  1786 | D:2      | Killed Crazy Yiuf
  1786 | D:2      | Reached skill level 6 in Axes
  1926 | D:3      | Found a faded altar of an unknown god.
  2079 | D:3      | Noticed Grinder
  2079 | D:3      | Paralysed by Grinder for 4 turns
  2090 | D:3      | Paralysed by Grinder for 3 turns
  2101 | D:3      | Killed Grinder
  2101 | D:3      | Reached skill level 8 in Axes
  2101 | D:3      | Reached XP level 5. HP: 24/45 MP: 4/4
  2101 | D:3      | Reached XP level 6. HP: 28/51 MP: 5/5
  2667 | D:3      | Noticed Philosophy's ghost (amateur FoFi)
  2684 | D:3      | Killed Philosophy's ghost
  2883 | D:4      | Reached XP level 7. HP: 60/60 MP: 6/6
  3200 | D:4      | Found a stormy altar of Qazlal.
  3483 | D:5      | Entered Level 5 of the Dungeon
  3555 | D:5      | HP: 1/60 [ice beast (10)]
  3876 | D:4      | Reached skill level 5 in Fighting
  3918 | D:5      | Reached skill level 5 in Shields
  3928 | D:5      | Found a radiant altar of Vehumet.
  3962 | D:5      | Reached skill level 5 in Armour
  4278 | D:5      | Reached skill level 9 in Axes
  4278 | D:5      | Reached XP level 8. HP: 69/69 MP: 7/7
  5400 | D:7      | Found a staircase to the Ecumenical Temple.
  5408 | Temple   | Entered the Ecumenical Temple
  5555 | Temple   | Became a worshipper of Warmaster Okawaru
  5606 | D:7      | Reached XP level 9. HP: 51/78 MP: 8/8
  5615 | D:7      | Gained mutation: Your spells are a little easier to cast, but a little less powerful. [mutagenic meat]
  5616 | D:7      | Gained mutation: You evolve. [mutagenic meat]
  5617 | D:7      | Gained mutation: Your magical capacity is low. (-10% MP) [mutagenic meat]
  5618 | D:7      | Lost mutation: Your spells are a little easier to cast, but a little less powerful. [mutagenic meat]
  5619 | D:7      | Gained mutation: Your muscles are strong. (Str +2) [mutagenic meat]
  5620 | D:7      | Gained mutation: You occasionally shout uncontrollably at your foes. [mutagenic meat]
  5638 | D:7      | Noticed Cokeysmoke's ghost (novice FoFi)
  5640 | D:7      | Noticed Prince Ribbit
  5659 | D:6      | Killed Prince Ribbit
  5659 | D:6      | Reached skill level 1 in Dodging
  5659 | D:6      | Reached skill level 1 in Invocations
  6136 | D:6      | HP: 2/79 [water moccasin (7)]
  6143 | D:6      | Reached skill level 10 in Axes
  6193 | D:6      | Reached * piety under Okawaru
  6460 | D:7      | Found a radiant altar of Vehumet.
  6836 | D:7      | Killed Cokeysmoke's ghost
  6866 | D:7      | Found an opulent altar of Gozag.
  6866 | D:7      | Found a glowing golden altar of the Shining One.
  6867 | D:7      | Found a hide-covered altar of Uskayaw.
  7530 | D:8      | Lost mutation: You occasionally shout uncontrollably at your foes. [evolution]
  8041 | D:8      | Reached ** piety under Okawaru
  8290 | D:9      | Reached XP level 10. HP: 88/88 MP: 10/10
  8455 | D:9      | Found a runed gate.
  8460 | D:9      | Found a runed door.
  8498 | D:9      | Found a runed door.
  8505 | D:9      | Found a runed gate.
  8518 | D:9      | Found a runed gate.
  8549 | D:9      | Reached *** piety under Okawaru
  8651 | D:9      | Found a staircase to the Orcish Mines.
  8669 | D:9      | Gained mutation: You have large cloven feet. [mutagenic meat]
  8670 | D:9      | Gained mutation: You are surrounded by a mild repulsion field. (EV +2) [mutagenic meat]
  8671 | D:9      | Gained mutation: Your spells are a little harder to cast, but a little more powerful. [mutagenic meat]
  8672 | D:9      | Gained mutation: Scrolls take you a little longer to read. [mutagenic meat]
  8673 | D:9      | Gained mutation: You expend magic power (3 MP) to strengthen your wands. [mutagenic meat]
  8933 | D:10     | Entered Level 10 of the Dungeon
  8953 | D:10     | Noticed a hill giant
  8964 | D:10     | Killed a hill giant
  8964 | D:10     | Reached skill level 11 in Axes
  8964 | D:10     | Reached skill level 5 in Dodging
  8964 | D:10     | Reached skill level 1 in Evocations
  9025 | D:10     | Reached **** piety under Okawaru
  9113 | D:10     | Noticed a hill giant
  9129 | D:10     | Killed a hill giant
  9140 | D:10     | Reached ***** piety under Okawaru
  9276 | D:10     | Lost mutation: Your magical capacity is low. (-10% MP) [evolution]
  9660 | D:10     | Gained mutation: Your flesh is heat resistant. (rF+) [potion of beneficial mutation]
  9661 | D:10     | Gained mutation: You are agile. (Dex +2) [potion of beneficial mutation]
  9875 | D:10     | Reached XP level 11. HP: 97/97 MP: 13/13
 10214 | D:11     | Found a staircase to the Lair.
 10275 | D:11     | Received a gift from Okawaru
 10362 | D:11     | Noticed a cyan ugly thing
 10372 | D:11     | Killed a cyan ugly thing
 10372 | D:11     | Reached skill level 5 in Invocations
 10580 | D:11     | Found a portal to a secret trove of treasure.
 11049 | D:11     | Noticed a hill giant
 11053 | D:11     | Killed a hill giant
 11470 | Lair:1   | Entered Level 1 of the Lair of Beasts
 12113 | Lair:1   | Noticed an eight-headed hydra
 12126 | Lair:1   | Killed an eight-headed hydra
 12195 | Lair:1   | Got a faintly glowing ring mail
 12805 | Lair:2   | Reached skill level 10 in Fighting
 12805 | Lair:2   | Reached skill level 10 in Shields
 12815 | Lair:2   | Reached skill level 12 in Axes
 12818 | Lair:2   | Reached skill level 10 in Armour
 12818 | Lair:2   | Reached XP level 12. HP: 86/106 MP: 13/15
 12987 | Lair:2   | Noticed a five-headed hydra
 12999 | Lair:2   | Killed a five-headed hydra
 13399 | Lair:2   | Noticed Gastronok
 13419 | Lair:2   | Killed Gastronok
 13419 | Lair:2   | Received a gift from Okawaru
 13772 | Lair:3   | Reached skill level 5 in Evocations
 14003 | Lair:3   | Received a gift from Okawaru
 14008 | Lair:3   | Got a shimmering ring mail {god gift}
 14175 | Lair:4   | Found a staircase to the Snake Pit.
 14189 | Lair:4   | Noticed a four-headed hydra
 14205 | Lair:4   | Killed a four-headed hydra
 14214 | Lair:4   | Found a frozen archway.
 14244 | IceCv    | Entered an ice cave
 14299 | IceCv    | Reached skill level 13 in Axes
 14306 | IceCv    | Reached ****** piety under Okawaru
 14356 | IceCv    | Reached XP level 13. HP: 105/115 MP: 17/17
 14540 | IceCv    | Identified a scroll of acquirement
 14541 | IceCv    | Got a clouded silver ring
 14543 | IceCv    | Identified the ring "Tufalih" {Fire Stlth+} (You found it in an ice cave)
 14728 | IceCv    | Noticed a frost giant
 14756 | IceCv    | Killed a frost giant
 14756 | IceCv    | Received a gift from Okawaru
 14859 | IceCv    | Got a shimmering turquoise ring
 14861 | IceCv    | Identified the ring "Cuimpune" {Ice Str+7 Int+6} (You found it in an ice cave)
 14914 | IceCv    | Gained mutation: You have an increased reservoir of magic. (+10% MP) [evolution]
 15234 | Lair:2   | Identified the +3 ring mail of Brilliance {MR+ Stlth+} (You found it on level 1 of the Lair of Beasts)
 15244 | Lair:2   | Identified the +2 ring mail "Suem" {*Slow rN+ Str+6} (Okawaru gifted it to you on level 3 of the Lair of Beasts)
 15355 | Lair:4   | Found a staircase to the Swamp.
 15446 | Lair:4   | Received a gift from Okawaru
 15721 | Lair:4   | Reached skill level 14 in Axes
 15762 | Lair:4   | Reached skill level 1 in Crossbows
 16138 | Lair:5   | Found a staircase to the Slime Pits.
 16189 | Lair:5   | Found a labyrinth entrance.
 16204 | Lab      | Entered a labyrinth
 16497 | Lab      | Noticed a minotaur
 16504 | Lab      | Killed a minotaur
 16508 | Lab      | Identified Ycaof's Grimoire of the Virous Voyage
 16509 | Lab      | Got a slimy jade ring
 16513 | Lab      | Identified the ring of Riruh {rC- Dex+4 SInv Stlth+} (You found it in a labyrinth)
 17051 | Lair:6   | Entered Level 6 of the Lair of Beasts
 17067 | Lair:6   | Received a gift from Okawaru
 17170 | Lair:6   | Got a bloodstained hand axe {god gift}
 17171 | Lair:6   | Identified the +2 hand axe of Okawaru's Supremacy {flame, rPois rF+ Str+2 Dex-3} (Okawaru gifted it to you on level 6 of the Lair of Beasts)
 17254 | Lair:6   | Reached XP level 14. HP: 117/125 MP: 21/21
 17563 | Lair:6   | Received a gift from Okawaru
 17654 | Lair:6   | Received a gift from Okawaru
 17770 | Lair:6   | Reached skill level 5 in Crossbows
 18207 | D:11     | You paid a toll of 2 scrolls of acquirement to enter a treasure trove
 18208 | Trove    | Entered a treasure trove
 18251 | Trove    | Identified Ditogofi's Compendium of Fetching Calling
 18446 | Lair:2   | Learned a level 2 spell: Repel Missiles
 18449 | Lair:2   | Learned a level 2 spell: Swiftness
 18803 | Lair:6   | Got a translucent zirconium amulet
 18805 | Lair:6   | Identified the amulet "Cami" {RegenMP *Corrode +Fly rC+ MP+9} (You found it on level 6 of the Lair of Beasts)
 19110 | Swamp:1  | Entered Level 1 of the Swamp
 19286 | Swamp:1  | Reached skill level 15 in Axes
 19475 | Swamp:1  | Reached skill level 10 in Dodging
 19540 | Swamp:1  | Noticed a purple very ugly thing
 19552 | Swamp:1  | Killed a purple very ugly thing
 19561 | Swamp:1  | Lost mutation: Scrolls take you a little longer to read. [mutagenic meat]
 19616 | Swamp:1  | Received a gift from Okawaru
 19619 | Swamp:1  | Got a pair of polished boots {god gift}
 19630 | Swamp:1  | Identified the +0 pair of boots of Hangman {rC+ Dex+4} (Okawaru gifted it to you on level 1 of the Swamp)
 19995 | Swamp:2  | Reached XP level 15. HP: 134/134 MP: 22/22
 20124 | Swamp:2  | Noticed a thorn hunter
 20141 | Swamp:2  | Killed a thorn hunter
 20275 | Swamp:2  | Noticed a thorn hunter
 20284 | Swamp:2  | Killed a thorn hunter
 20961 | Swamp:3  | Noticed a thorn hunter
 20973 | Swamp:3  | Killed a thorn hunter
 21235 | Swamp:3  | Received a gift from Okawaru
 21332 | Swamp:3  | Gained mutation: You are partially covered in large bone plates. (SH +4) [evolution]
 21332 | Swamp:3  | Lost mutation: You evolve. [end of evolution]
 21669 | Lair:2   | Reached XP level 16. HP: 141/141 MP: 23/23
 21731 | Snake:1  | Entered Level 1 of the Snake Pit
 21780 | Snake:1  | Learned a level 2 spell: Passwall
 21806 | Snake:1  | Noticed Quirk's ghost (adept GrFi)
 21822 | Snake:1  | Killed Quirk's ghost
 21823 | Snake:1  | Noticed Josephine
 21828 | Snake:1  | Killed Josephine
 22110 | Snake:1  | Reached skill level 1 in Transmutations
 22265 | Snake:1  | Reached skill level 1 in Earth Magic
 22346 | Snake:1  | Reached skill level 16 in Axes
 22698 | Snake:1  | Found Ben Rada's Gadget Shop.
 22698 | Snake:1  | Found Dosmuz's Jewellery Shoppe.
 22700 | Snake:1  | Found Romohaje's Jewellery Shoppe.
 23428 | Snake:2  | Found a sacrificial altar of Ru.
 23500 | Snake:2  | Received a gift from Okawaru
 23500 | Snake:2  | Reached XP level 17. HP: 144/150 MP: 24/24
 23918 | Snake:3  | Noticed Aizul
 23936 | Snake:3  | Killed Aizul
 23964 | Snake:3  | Received a gift from Okawaru
 24079 | Snake:3  | Got a translucent shield
 24090 | Snake:3  | Identified the +3 shield of Least Resistance {*Slow rPois Regen+ Dex+6} (You acquired it on level 3 of the Snake Pit)
 24175 | Snake:3  | Received a gift from Okawaru
 24481 | Snake:3  | Noticed Vashnia
 24499 | Snake:2  | Received a gift from Okawaru
 24578 | Snake:3  | Received a gift from Okawaru
 24589 | Snake:3  | Killed Vashnia
 25076 | D:12     | Received a gift from Okawaru
 25104 | D:12     | Got a translucent executioner's axe {god gift}
 25110 | D:12     | Identified the +7 executioner's axe "Giant's Toothpick" {freeze, rPois Dex+2} (Okawaru gifted it to you on level 12 of the Dungeon)
 25134 | D:12     | Noticed Harold
 25143 | D:12     | Killed Harold
 25334 | D:12     | Gained mutation: Your natural rate of healing is unusually fast. [mutagenic meat]
 26012 | D:13     | Found a gate to the Vaults.
 26043 | D:13     | Received a gift from Okawaru
 26414 | D:13     | Reached skill level 10 in Crossbows
 27302 | D:15     | Entered Level 15 of the Dungeon
 27372 | D:15     | Reached skill level 17 in Axes
 27419 | D:15     | Found a staircase to the Depths.
 27542 | D:15     | Reached XP level 18. HP: 158/158 MP: 25/25
 27614 | D:15     | Found Titila's Gadget Emporium.
 28222 | Snake:1  | Bought an uncursed amulet of faith for 440 gold pieces
 28358 | Swamp:4  | Entered Level 4 of the Swamp
 28465 | Swamp:4  | Received a gift from Okawaru
 28790 | Swamp:4  | Noticed Louise
 28805 | Swamp:4  | Killed Louise
 28952 | Swamp:4  | Received a gift from Okawaru
 29397 | Swamp:4  | Got a decaying rune of Zot
 29673 | Snake:4  | Entered Level 4 of the Snake Pit
 29928 | Snake:4  | Noticed Roxanne
 29948 | Snake:4  | Killed Roxanne
 29949 | Snake:4  | Identified Roxanne's Collected Works on Stones (You took it off Roxanne on level 4 of the Snake Pit)
 30209 | Snake:4  | Received a gift from Okawaru
 30368 | Snake:4  | Received a gift from Okawaru
 30375 | Snake:4  | Reached skill level 5 in Transmutations
 30394 | Snake:4  | Got a serpentine rune of Zot
 30762 | Snake:4  | Reached XP level 19. HP: 167/167 MP: 26/26
 30771 | Snake:4  | Reached skill level 18 in Axes
 30778 | Snake:4  | Reached skill level 5 in Earth Magic
 30986 | Snake:4  | Received a gift from Okawaru
 31463 | Snake:1  | Bought the ring of Knowledge {+Fly rElec Str-3 Dex+10} for 693 gold pieces
 31638 | Vaults:1 | Entered Level 1 of the Vaults
 31872 | Vaults:1 | Received a gift from Okawaru
 31878 | Vaults:1 | Reached skill level 5 in Air Magic
 31879 | Vaults:1 | Reached skill level 5 in Charms
 32078 | Vaults:1 | Found Xefezeh's Weapon Boutique.
 32484 | Vaults:1 | Reached skill level 15 in Shields
 32932 | Vaults:2 | Reached skill level 15 in Armour
 32951 | Vaults:2 | Noticed Jory
 32963 | Vaults:2 | Killed Jory
 33250 | Vaults:2 | Received a gift from Okawaru
 33301 | Vaults:2 | Reached skill level 15 in Fighting
 33392 | Vaults:2 | Received a gift from Okawaru
 33441 | Vaults:2 | Reached XP level 20. HP: 155/178 MP: 21/28
 33518 | Vaults:2 | Noticed Boris
 33543 | Vaults:2 | Killed Boris
 33702 | Vaults:2 | Identified the Handbook of Conjuration
 33826 | Vaults:2 | Identified the Grimoire of Arcane Weapons
 33833 | Vaults:2 | Identified the Reference Book on Execration
 33852 | Vaults:2 | Identified a +6 rod of clouds (11/11) (You took it off a deep elf archer on level 2 of the Vaults)
 34151 | Vaults:2 | Received a gift from Okawaru
 34152 | Vaults:2 | Got a dazzling shortbow {god gift}
 34214 | Vaults:2 | Noticed Mennas
 34239 | Vaults:2 | Killed Mennas
 34463 | Vaults:2 | Received a gift from Okawaru
 34463 | Vaults:2 | Cast into level 2 of the Abyss (a deep elf sorcerer)
 34463 | Abyss:2  | Found a corrupted altar of Lugonu.
 34521 | Vaults:2 | Escaped the Abyss
 34655 | Vaults:2 | Received a gift from Okawaru
 35801 | Orc:1    | Entered Level 1 of the Orcish Mines
 35801 | Orc:1    | Noticed Fannar
 35805 | Orc:1    | Killed Fannar
 35829 | Orc:1    | Reached skill level 10 in Evocations
 35867 | Orc:1    | Found a dark tunnel.
 35876 | Volcano  | Entered a volcano
 36018 | Volcano  | Received a gift from Okawaru
 36349 | Orc:1    | Noticed Nergalle
 36354 | Orc:1    | Killed Nergalle
 36354 | Orc:1    | Received a gift from Okawaru
 36457 | Orc:2    | Entered Level 2 of the Orcish Mines
 36537 | Orc:1    | Noticed Erolcha
 36547 | Orc:1    | Killed Erolcha
 36548 | Orc:1    | Noticed Urug
 36560 | Orc:1    | Killed Urug
 36837 | Orc:2    | Found a staircase to the Elven Halls.
 36927 | Orc:2    | Found a roughly hewn altar of Beogh.
 36937 | Orc:2    | Found Taplopsa's Armour Shop.
 36987 | Orc:2    | Found a roughly hewn altar of Beogh.
 37297 | Orc:2    | Found a roughly hewn altar of Beogh.
 37424 | Orc:2    | Found a roughly hewn altar of Beogh.
 37435 | Orc:2    | Found Qixuren's Food Emporium.
 37474 | Orc:2    | Found a roughly hewn altar of Beogh.
 37558 | Orc:2    | Found Tuteism's Antique Armour Shop.
 37559 | Orc:2    | Found a roughly hewn altar of Beogh.
 37560 | Orc:2    | Found Ewuret's Antique Weapon Boutique.
 37573 | Orc:2    | Bought a pair of glowing gloves for 283 gold pieces
 37573 | Orc:2    | Bought a pair of runed gloves for 283 gold pieces
 37926 | Vaults:3 | Reached XP level 21. HP: 189/189 MP: 30/30
 38629 | Vaults:3 | Noticed Sojobo
 38663 | Vaults:3 | Killed Sojobo
 38778 | Vaults:3 | Found a staircase to the Crypt.
 39052 | Vaults:3 | Received a gift from Okawaru
 39738 | Vaults:4 | Noticed Donald
 39745 | Vaults:4 | Reached skill level 15 in Dodging
 39779 | Vaults:4 | Received a gift from Okawaru
 39786 | Vaults:4 | Killed Donald
 39859 | Vaults:4 | Received a gift from Okawaru
 40227 | Vaults:4 | Received a gift from Okawaru
 41040 | Elf:1    | Entered Level 1 of the Elven Halls
 41062 | Elf:1    | Received a gift from Okawaru
 41315 | Elf:1    | Found Dogufeul's Jewellery Shop.
 41403 | Elf:1    | Reached XP level 22. HP: 200/200 MP: 32/32
 41513 | Elf:1    | Found Zofanwoc's General Store.
 41733 | Elf:1    | Found Eddugaq's General Store.
 41899 | Elf:1    | Cast into level 2 of the Abyss (a deep elf sorcerer)
 42133 | Abyss:2  | Received a gift from Okawaru
 42226 | Abyss:2  | Received a gift from Okawaru
 42232 | Elf:1    | Escaped the Abyss
 42242 | Elf:1    | Identified the Grimoire of Creative Attacks
 42458 | Elf:2    | Found Zudo's Weapon Shoppe.
 42636 | Elf:2    | Received a gift from Okawaru
 42655 | Elf:2    | Found a runed gate.
 42655 | Elf:2    | Found a runed gate.
 42656 | Elf:2    | Found a runed gate.
 42951 | Elf:2    | Received a gift from Okawaru
 43456 | Elf:3    | Entered Level 3 of the Elven Halls
 44019 | Elf:3    | Received a gift from Okawaru
 44021 | Elf:3    | Cast into level 3 of the Abyss (a deep elf sorcerer)
 44021 | Abyss:3  | Found a corrupted altar of Lugonu.
 44653 | Elf:3    | Escaped the Abyss
 44663 | Elf:3    | Received a gift from Okawaru
 44705 | Elf:3    | Received a gift from Okawaru
 44781 | Elf:3    | Reached XP level 23. HP: 175/209 MP: 34/34
 44783 | Elf:3    | Cast into level 2 of the Abyss (a deep elf sorcerer)
 44783 | Abyss:2  | Found a corrupted altar of Lugonu.
 45160 | Abyss:2  | Found a roughly hewn altar of Beogh.
 45337 | Abyss:2  | Received a gift from Okawaru
 45471 | Elf:3    | Escaped the Abyss
 46141 | Elf:3    | Identified the Guide on the Hurtful Voyage
 46180 | Elf:3    | Identified the Collected Works on Ashen Black Magic
 46242 | Elf:3    | Identified the +6 scale mail of Tifusargh {*Slow rF+ rN+ rCorr} (You took it off a deep elf high priest on level 3 of the Elven Halls)
 46252 | Elf:3    | Got a transparent plate armour
 46253 | Elf:3    | Identified the +2 plate armour of Qaiff {rPois Regen+ Str-3 Dex+2} (You found it on level 3 of the Elven Halls)
 46291 | Elf:3    | Learned a level 1 spell: Apportation
 46295 | Elf:3    | Learned a level 3 spell: Regeneration
 46941 | Depths:1 | Entered Level 1 of the Depths
 47040 | Depths:1 | Found a one-way gate to the infinite horrors of the Abyss.
 47230 | Depths:1 | Reached skill level 1 in Necromancy
 47246 | Depths:1 | Reached skill level 1 in Translocations
 47406 | Depths:1 | Received a gift from Okawaru
 47577 | Depths:1 | Found a gateway to Hell.
 47738 | Depths:1 | Lost mutation: Your flesh is heat resistant. (rF+) [mutagenic meat]
 47739 | Depths:1 | Gained mutation: You are robust. (+10% HP) [mutagenic meat]
 47740 | Depths:1 | Gained mutation: You are partially covered in icy blue scales. (AC +2) [mutagenic meat]
 47741 | Depths:1 | Gained mutation: You are somewhat resistant to further mutation. [mutagenic meat]
 47748 | Depths:1 | Learned a level 1 spell: Summon Butterflies
 48322 | Depths:2 | Found a stormy altar of Qazlal.
 48367 | Depths:2 | Received a gift from Okawaru
 48489 | Depths:2 | Received a gift from Okawaru
 48563 | Depths:2 | Got a spiked plate armour
 48597 | Depths:2 | Received a gift from Okawaru
 48639 | Depths:2 | Identified the +5 plate armour "Osuceumud" {rC+ Regen+ Int+3} (You found it on level 2 of the Depths)
 48868 | Depths:2 | Noticed a caustic shrike
 48868 | Depths:2 | Noticed a caustic shrike
 48874 | Depths:2 | Killed a caustic shrike
 48877 | Depths:2 | Killed a caustic shrike
 48877 | Depths:2 | Reached XP level 24. HP: 242/242 MP: 34/35
 49868 | Vaults:5 | Entered Level 5 of the Vaults
 49881 | Vaults:5 | Reached skill level 10 in Charms
 49904 | Vaults:5 | Reached skill level 1 in Summonings
 50093 | Vaults:5 | Received a gift from Okawaru
 50136 | Vaults:5 | Received a gift from Okawaru
 50460 | Vaults:5 | Received a gift from Okawaru
 50461 | Vaults:5 | Got a sapphire war axe {god gift}
 50462 | Vaults:5 | Identified the +5 war axe "Xayfet" {freeze, Dex+3} (Okawaru gifted it to you on level 5 of the Vaults)
 50732 | Vaults:5 | Received a gift from Okawaru
 50871 | Vaults:5 | Reached XP level 25. HP: 121/251 MP: 35/35
 51389 | Vaults:5 | Got a smoking scimitar
 51422 | Vaults:5 | Got a shimmering ring mail
 51545 | Vaults:5 | Identified the +4 ring mail "Alioxiz" {rPois rN+ Dex+2} (You found it on level 5 of the Vaults)
 51666 | Vaults:5 | Identified the +2 scimitar of Korch {venom, rC+ MR+} (You found it on level 5 of the Vaults)
 51669 | Vaults:5 | Got a transparent leather armour
 51680 | Vaults:5 | Identified the cursed +0 leather armour "Ditecw" {MR+} (You found it on level 5 of the Vaults)
 51874 | Vaults:5 | Got a wavering glass ring
 51879 | Vaults:5 | Identified the ring "Cuharet" {EV+5 SInv} (You took it off a tengu reaver on level 5 of the Vaults)
 52090 | Vaults:5 | Reached skill level 5 in Necromancy
 52103 | Vaults:5 | Got a silver rune of Zot
 52116 | Vaults:5 | Learned a level 6 spell: Deflect Missiles
 52122 | Vaults:5 | Learned a level 5 spell: Silence
 53381 | Elf:1    | Bought a book of Minor Magic for 360 gold pieces
 53381 | Elf:1    | Bought a scroll of magic mapping for 63 gold pieces
 53560 | Temple   | Learned a level 2 spell: Blink
 53561 | Temple   | Fell from the grace of Okawaru
 53561 | Temple   | Became a worshipper of Zin the Law-Giver
 53561 | Temple   | Reached * piety under Zin
 53561 | Temple   | Reached ** piety under Zin
 53561 | Temple   | Reached *** piety under Zin
 53562 | Temple   | Donated 2019 gold pieces to Zin
 53608 | D:7      | Reached **** piety under Zin
 53702 | D:11     | Reached ***** piety under Zin
 53798 | Depths:1 | Voluntarily entered the Abyss.
 53844 | Abyss:1  | Reached skill level 5 in Translocations
 53996 | Abyss:1  | Found a corrupted altar of Lugonu.
 54004 | Abyss:1  | Reached ****** piety under Zin
 54119 | Abyss:1  | HP: 8/254 [Hell Sentinel/damnation (42)]
 54396 | Abyss:1  | Reached skill level 1 in Hexes
 55126 | Abyss:1  | Found a corrupted altar of Lugonu.
 55935 | Abyss:1  | Reached skill level 1 in Polearms
 56318 | Abyss:1  | Got a flickering golden ring
 56329 | Abyss:1  | Identified the cursed ring of Pessimism {*Drain +Blink Str-2 Dex+8 Slay+2} (You found it on level 1 of the Abyss)
 56784 | Abyss:1  | Found a corrupted altar of Lugonu.
 57893 | Abyss:1  | Reached XP level 26. HP: 167/262 MP: 35/35
 58587 | Abyss:1  | Reached skill level 5 in Polearms
 60011 | Abyss:1  | Reached skill level 5 in Summonings
 60733 | Abyss:1  | Found a corrupted altar of Lugonu.
 60854 | Abyss:1  | Found a corrupted altar of Lugonu.
 61073 | Abyss:1  | Identified the Reference Book on Toxins and Companions
 62002 | Abyss:1  | Found a roughly hewn altar of Beogh.
 62256 | Abyss:1  | Reached skill level 19 in Axes
 62492 | Abyss:1  | Reached skill level 10 in Invocations
 63172 | Abyss:1  | Found a corrupted altar of Lugonu.
 63214 | Abyss:1  | Reached XP level 27. HP: 270/270 MP: 35/35
 63529 | Depths:1 | Escaped the Abyss
 63674 | Depths:1 | Voluntarily entered the Abyss.
 64118 | Abyss:1  | Got a slimy long sword
 64258 | Abyss:1  | Reached skill level 5 in Spellcasting
 64435 | Abyss:1  | Found a corrupted altar of Lugonu.
 64882 | Abyss:1  | Paralysed by accursed screaming for 2 turns
 64889 | Abyss:1  | Paralysed by accursed screaming for 2 turns
 64901 | Abyss:1  | Paralysed by accursed screaming for 2 turns
 65041 | Abyss:1  | Paralysed by accursed screaming for 1 turns
 65395 | Abyss:1  | Found a corrupted altar of Lugonu.
 65521 | Abyss:1  | Reached skill level 5 in Hexes
 66078 | Abyss:1  | Found a deep blue altar of Sif Muna.
 66233 | Abyss:1  | Was forgiven by Okawaru
 68131 | Abyss:4  | Found a corrupted altar of Lugonu.
 68151 | Abyss:4  | Reached skill level 15 in Evocations
 68153 | Abyss:4  | Paralysed by accursed screaming for 1 turns
 68160 | Abyss:4  | Paralysed by accursed screaming for 2 turns
 68296 | Abyss:4  | Paralysed by accursed screaming for 1 turns
 68332 | Abyss:4  | Paralysed by accursed screaming for 1 turns
 68337 | Abyss:4  | Paralysed by accursed screaming for 1 turns
 69253 | Abyss:4  | Got an abyssal rune of Zot
 69707 | Abyss:4  | Paralysed by accursed screaming for 1 turns
 69770 | Depths:1 | Escaped the Abyss
 70076 | Depths:1 | Identified the +9 long sword of Rotation {flame, *Contam Str+2 Dex+5 SInv} (You found it on level 1 of the Abyss)
 70288 | D:7      | Fell from the grace of Zin
 70288 | D:7      | Became a worshipper of the Shining One
 70288 | D:7      | Reached * piety under the Shining One
 70288 | D:7      | Reached ** piety under the Shining One
 70288 | D:7      | Reached *** piety under the Shining One
 70829 | Crypt:1  | Entered Level 1 of the Crypt
 70835 | Crypt:1  | Reached **** piety under the Shining One
 70857 | Crypt:1  | Noticed Khufu
 70857 | Crypt:1  | Noticed a greater mummy
 70876 | Crypt:1  | Killed Khufu
 70888 | Crypt:1  | Killed a greater mummy
 71213 | Crypt:1  | Reached ***** piety under the Shining One
 71406 | Crypt:1  | Noticed Xtahua
 71419 | Crypt:1  | Killed Xtahua
 71419 | Crypt:1  | Reached skill level 15 in Crossbows
 71895 | Crypt:2  | Reached ****** piety under the Shining One
 72672 | Crypt:3  | Entered Level 3 of the Crypt
 72858 | Crypt:3  | Identified a +7 broad axe of holy wrath (a +5 broad axe of flaming blessed by the Shining One)
 72858 | Crypt:3  | Received a gift from the Shining One
 73079 | Crypt:3  | Reached skill level 10 in Translocations
 73297 | Crypt:3  | Got a pitted ring mail
 73870 | Crypt:3  | Found a staircase to the Tomb.
 73894 | Crypt:3  | Noticed an ancient lich
 73902 | Crypt:3  | Killed an ancient lich
 73962 | Crypt:3  | Identified Sif Muna's Catalogue of the Traveller
 74577 | Slime:1  | Entered Level 1 of the Pits of Slime
 76020 | Slime:4  | Reached skill level 20 in Axes
 76513 | Slime:5  | Entered Level 5 of the Pits of Slime
 76892 | Slime:5  | Noticed the Royal Jelly
 76928 | Slime:5  | Killed the Royal Jelly
 76967 | Slime:5  | Identified Sif Muna's Compendium of Bewitchment
 77022 | Slime:5  | Learned a level 4 spell: Passage of Golubria
 77025 | Slime:5  | Learned a level 2 spell: Shroud of Golubria
 77051 | Slime:5  | Got a steaming copper ring
 77053 | Slime:5  | Identified the ring of Pyromania {EV+1 Dex+4} (You found it on level 5 of the Pits of Slime)
 77100 | Slime:5  | Got a slimy rune of Zot
 77159 | Slime:5  | Identified the +5 ring mail of the Crown {Int+3 Stlth+} (You found it on level 3 of the Crypt)
 77163 | Slime:5  | Got a wavering bone ring
 77164 | Slime:5  | Identified the ring "Puwk" {rElec rN+ MR+ Str-4 Int+4} (You found it on level 5 of the Pits of Slime)
 77283 | Slime:5  | Identified the Collected Works on Creative Ice
 77310 | Slime:5  | Got a slimy executioner's axe
 77333 | Slime:5  | Identified the +8 executioner's axe of the Crawling Thing {speed, rF+ rC+} (You found it on level 5 of the Pits of Slime)
 77525 | Slime:5  | Got a faintly glowing scale mail
 77526 | Slime:5  | Identified the +6 scale mail of the Echidna {rElec rF- Slay+6 Stlth-} (You found it on level 5 of the Pits of Slime)
 77996 | Lair:2   | Learned a level 6 spell: Dispersal
 78476 | Tomb:1   | Entered Level 1 of the Tomb of the Ancients
 79030 | Tomb:1   | Noticed a greater mummy
 79044 | Tomb:1   | Killed a greater mummy
 79188 | Tomb:1   | Noticed a greater mummy
 79214 | Tomb:1   | Killed a greater mummy
 79591 | Tomb:1   | Noticed a greater mummy
 79600 | Tomb:1   | Killed a greater mummy
 79724 | Tomb:1   | Reached skill level 21 in Axes
 79915 | Tomb:2   | Noticed a greater mummy
 79917 | Tomb:2   | Noticed a greater mummy
 80146 | Tomb:2   | Noticed a greater mummy
 80291 | Tomb:2   | Noticed an ancient lich
 80296 | Tomb:1   | Killed a greater mummy
 80301 | Tomb:1   | Killed a greater mummy
 81294 | Tomb:1   | Killed an ancient lich
 81382 | Tomb:1   | Killed a greater mummy
 81792 | Tomb:2   | Got a fine ring mail
 82067 | Tomb:2   | Noticed Mara
 82080 | Tomb:2   | Noticed TheWoodenMan's illusion
 82083 | Tomb:2   | Killed Mara
 82530 | Tomb:1   | Noticed a greater mummy
 82537 | Tomb:1   | Noticed a greater mummy
 82539 | Tomb:1   | Killed a greater mummy
 82552 | Tomb:1   | Killed a greater mummy
 82704 | Tomb:1   | Noticed a greater mummy
 82722 | Tomb:1   | Killed a greater mummy
 82980 | Tomb:1   | Identified the +0 ring mail of the Quahog {+Blink rN++ MP-9 Slay+3} (You found it on level 2 of the Tomb of the Ancients)
 83042 | Tomb:1   | Noticed a greater mummy
 83058 | Tomb:1   | Killed a greater mummy
 83160 | Tomb:1   | Noticed a greater mummy
 83162 | Tomb:1   | Noticed a greater mummy
 83193 | Tomb:1   | Killed a greater mummy
 83394 | Tomb:1   | Killed a greater mummy
 83999 | Tomb:2   | Lost mutation: You are agile. (Dex +2) [a neqoxec]
 84156 | Tomb:3   | Entered Level 3 of the Tomb of the Ancients
 84442 | Tomb:3   | Noticed a greater mummy
 84656 | Tomb:3   | Noticed a greater mummy
 84667 | Tomb:2   | Killed a greater mummy
 84667 | Tomb:2   | Reached skill level 22 in Axes
 85299 | Tomb:3   | Noticed a greater mummy
 85349 | Tomb:2   | Killed a greater mummy
 85585 | Tomb:3   | Noticed a greater mummy
 85594 | Tomb:2   | Killed a greater mummy
 86002 | Tomb:2   | Killed a greater mummy
 86844 | Tomb:3   | Noticed an ancient lich
 86859 | Tomb:3   | Killed an ancient lich
 87074 | Tomb:3   | Reached skill level 10 in Spellcasting
 87117 | Tomb:3   | Noticed a greater mummy
 87136 | Tomb:3   | Killed a greater mummy
 87149 | Tomb:3   | Noticed a greater mummy
 87163 | Tomb:3   | Killed a greater mummy
 87375 | Tomb:3   | Noticed an ancient lich
 87388 | Tomb:3   | Killed an ancient lich
 87388 | Tomb:3   | Reached skill level 15 in Invocations
 87461 | Tomb:3   | Got a flickering pewter amulet
 87552 | Tomb:3   | Got a faintly glowing brass amulet
 87600 | Tomb:3   | Identified a +5 rod of clouds (13/13) (You found it on level 3 of the Tomb of the Ancients)
 87782 | Tomb:3   | Noticed a greater mummy
 87797 | Tomb:3   | Killed a greater mummy
 88135 | Tomb:3   | Got a golden rune of Zot
 88286 | Tomb:1   | Identified the amulet of Tuczano {*Contam +Rage rF++ rC+} (You found it on level 3 of the Tomb of the Ancients)
 88287 | Tomb:1   | Identified the amulet "Puschico" {Harm *Drain rElec rF+ rC+ rN+ MP-9} (You found it on level 3 of the Tomb of the Ancients)
 89243 | Depths:3 | Noticed Boris
 89252 | Depths:3 | Killed Boris
 89414 | Depths:3 | Found a one-way gate leading to the halls of Pandemonium.
 89717 | Depths:3 | Reached skill level 23 in Axes
 89729 | Depths:3 | Noticed Saint Roka
 89756 | Depths:3 | Killed Saint Roka
 89943 | Depths:3 | Found Ojeupn's Antique Armour Shop.
 90067 | Depths:3 | Learned a level 1 spell: Infusion
 90070 | Depths:3 | Learned a level 2 spell: Song of Slaying
 90140 | Depths:3 | Found a gateway to a ziggurat.
 91057 | Depths:5 | Entered Level 5 of the Depths
 91576 | Depths:5 | Got a scorched gossamer ring
 91687 | Depths:5 | Noticed Boris
 91698 | Depths:5 | Killed Boris
 91712 | Depths:5 | Found a gate to the Realm of Zot.
 91747 | Depths:5 | Found a corrupted altar of Lugonu.
 92094 | Depths:4 | Noticed an ancient lich
 92100 | Depths:4 | Killed an ancient lich
 92200 | Depths:4 | Paralysed by a floating eye for 3 turns
 92603 | Depths:4 | Reached skill level 10 in Air Magic
 92697 | Depths:4 | Reached skill level 24 in Axes
 92719 | Depths:4 | Got a pitted leather armour
 92720 | Depths:4 | Identified the +1 leather armour of the Eternal Void {rF+ rN+ SInv} (You found it on level 4 of the Depths)
 92721 | Depths:4 | Identified the ring of Greed {*Corrode rF+ rN+ MR++ Str+4} (You found it on level 5 of the Depths)
 93156 | Zot:1    | Entered Level 1 of the Realm of Zot
 93258 | Zot:1    | Reached skill level 10 in Hexes
 94386 | Zot:2    | Identified a +2 rod of clouds (10/10) (You found it on level 2 of the Realm of Zot)
 94903 | Zot:2    | Noticed an orb of fire
 94909 | Zot:2    | Gained mutation: Armour fits poorly on your strangely shaped body. [an orb of fire]
 94934 | Zot:2    | Gained mutation: You tend to lose your temper in combat. [an orb of fire]
 95648 | Lair:2   | Lost mutation: You have large cloven feet. [potion of cure mutation]
 95648 | Lair:2   | Lost mutation: You expend magic power (3 MP) to strengthen your wands. [potion of cure mutation]
 95648 | Lair:2   | Lost mutation: Your spells are a little harder to cast, but a little more powerful. [potion of cure mutation]
 95648 | Lair:2   | Lost mutation: You are robust. (+10% HP) [potion of cure mutation]
 95649 | Lair:2   | Lost mutation: Armour fits poorly on your strangely shaped body. [potion of cure mutation]
 95649 | Lair:2   | Lost mutation: Your natural rate of healing is unusually fast. [potion of cure mutation]
 95649 | Lair:2   | Lost mutation: You tend to lose your temper in combat. [potion of cure mutation]
 95655 | Lair:2   | Learned a level 3 spell: Teleport Other
 96529 | Pan      | Entered Pandemonium
 96579 | Pan      | Gained mutation: Armour fits poorly on your strangely shaped body. [a cacodemon]
 96740 | Pan      | Noticed Wonuinwu the pandemonium lord
 97016 | Pan      | Entered the realm of Lom Lobon.
 97336 | Pan      | Found an exit through the horrors of the Abyss.
 97461 | Pan      | Got a polished hat
 97472 | Pan      | Identified the +2 hat "Faehasoi" {rF+ Str+4 Int-3} (You acquired it in Pandemonium)
 97703 | Pan      | Noticed Lom Lobon
 97733 | Pan      | Killed Lom Lobon
 97762 | Pan      | Got a magical rune of Zot
 97895 | Pan      | Gained mutation: You are dopey. (Int -2) [a cacodemon]
 97970 | Pan      | Noticed Beaddam the pandemonium lord
 98007 | Pan      | Found an exit through the horrors of the Abyss.
 98215 | Pan      | Found an exit through the horrors of the Abyss.
 98293 | Pan      | Noticed Pirapt the pandemonium lord
 98436 | Pan      | Gained mutation: You are frail. (-10% HP) [a neqoxec]
 98476 | Pan      | Noticed Sorotse the pandemonium lord
 98485 | Pan      | Paralysed by a floating eye for 3 turns
 98487 | Pan      | Gained mutation: Your muscles are very strong. (Str +4) [a shining eye]
 98492 | Pan      | Gained mutation: Your body sometimes deteriorates upon taking damage. [a shining eye]
 98503 | Pan      | Killed Sorotse the pandemonium lord
 98550 | Pan      | Lost mutation: You are frail. (-10% HP) [potion of cure mutation]
 98550 | Pan      | Lost mutation: Armour fits poorly on your strangely shaped body. [potion of cure mutation]
 98550 | Pan      | Lost mutation: You are somewhat resistant to further mutation. [potion of cure mutation]
 98550 | Pan      | Lost mutation: Your body sometimes deteriorates upon taking damage. [potion of cure mutation]
 98768 | Pan      | Found an exit through the horrors of the Abyss.
 98999 | Pan      | Found a white marble altar of Elyvilon.
100498 | Pan      | Reached skill level 25 in Axes
100893 | Pan      | Found a glowing silver altar of Zin.
101649 | Pan      | Noticed a seraph
101669 | Pan      | Killed a seraph
101710 | Pan      | Got a transparent bronze ring
101850 | Pan      | Found a glowing golden altar of the Shining One.
101861 | Pan      | Got a demonic rune of Zot
101867 | Pan      | Got a smoking trident
101872 | Pan      | Identified the Almanac of Clay
101882 | Pan      | Identified the ring "Tuorphoz" {rElec rN+ MR- SInv Stlth+} (You took it off a cherub in Pandemonium)
102284 | Pan      | Identified the Tome of Creative Transmutation
102603 | Depths:3 | Escaped Pandemonium
102734 | Depths:1 | Identified the +6 trident of the Spinneret {vamp, rPois SInv} (You found it in Pandemonium)
103088 | Elf:1    | Bought a scroll of recharging for 161 gold pieces
104413 | Orc:2    | Bought a transparent leather armour for 189 gold pieces
104413 | Orc:2    | Identified the cursed +1 leather armour of You Go First {+Fly Str+4 Dex+4} (You bought it in a shop on level 2 of the Orcish Mines)
104749 | Pan      | Entered the realm of Gloorx Vloq.
104749 | Pan      | Entered Pandemonium
104752 | Pan      | Found an exit through the horrors of the Abyss.
104903 | Pan      | Noticed Gloorx Vloq
105666 | Pan      | HP: 11/248 [Gloorx Vloq] (9)]
105666 | Pan      | HP: 1/248 [poisoned by Gloorx Vloq (dark miasma)]
105667 | Pan      | Succumbed to Gloorx Vloq's dark miasma

Skill      XL: |  1  2  3  4  5  6  7  8  9 10 11 12 13 14 15 16 17 18 19 20 21 22 23 24 25 26 27 |
---------------+----------------------------------------------------------------------------------+-----
Axes           | 3 4 5 8 9 10 11 12 13 14 15 16 17 18 19 25 | 25.3
Fighting       | 4 5 6 7 9 10 11 12 13 14 15 16 17 18 19 20 21 | 21.3
Armour         | 4 5 6 7 9 10 11 12 13 14 15 16 17 18 19 20 21 | 21.1
Shields        | 4 5 7 8 9 10 11 12 13 14 15 17 18 19 20 21 | 21.5
Dodging        | 4 5 7 8 9 10 11 12 13 14 15 16 17 18 20 | 20.0
Invocations    | 3 4 6 7 8 10 17 | 17.7
Evocations     | 2 4 5 6 7 8 9 10 11 12 13 14 15 | 15.3
Crossbows      | 2 6 7 8 10 11 12 20 | 20.0
Spellcasting   | 2 3 4 11 | 11.0
Charms         | 2 3 4 5 7 8 9 10 11 14 | 14.5
Air Magic      | 2 3 4 5 11 | 11.7
Transmutations | 2 3 5 |  5.4
Earth Magic    | 1 3 4 5 |  5.2
Necromancy     | 2 4 5 |  5.0
Translocations | 2 4 5 7 11 | 11.0
Summonings     | 3 4 5 |  5.0
Hexes          | 2 4 11 | 11.0
Polearms       | 4 7 |  7.0

Action                   |  1- 3 |  4- 6 |  7- 9 | 10-12 | 13-15 | 16-18 | 19-21 | 22-24 | 25-27 || total
-------------------------+-------+-------+-------+-------+-------+-------+-------+-------+-------++-------
Melee: War axe           |    92 |   106 |   398 |   477 |       |       |       |       |       ||  1073
       Headbutt          |    12 |    20 |   108 |   197 |   235 |   306 |   537 |   698 |  3260 ||  5373
       Whip              |       |       |    36 |    23 |    19 |       |       |       |       ||    78
       Kick              |       |       |       |    73 |       |       |       |       |       ||    73
       Broad axe         |       |       |       |   147 |   713 |   879 |  1405 |  1438 |  4664 ||  9246
       Trishula          |       |       |       |       |       |       |       |   418 |  4211 ||  4629
       Sacred scourge    |       |       |       |       |       |       |       |       |     3 ||     3
 Fire: Hand crossbow     |       |       |       |       |    75 |   393 |   136 |    96 |   473 ||  1173
Throw: Throwing net      |       |     2 |     2 |     2 |       |       |       |       |       ||     6
 Cast: Repel Missiles    |       |       |       |       |       |     3 |     3 |     1 |    12 ||    19
       Regeneration      |       |       |       |       |       |       |       |       |     2 ||     2
       Summon Butterflie |       |       |       |       |       |       |       |       |     2 ||     2
       Blink             |       |       |       |       |       |       |       |       |     1 ||     1
       Shroud of Golubri |       |       |       |       |       |       |       |       |    48 ||    48
       Infusion          |       |       |       |       |       |       |       |       |     5 ||     5
       Song of Slaying   |       |       |       |       |       |       |       |       |     4 ||     4
       Apportation       |       |       |       |       |       |       |       |       |     1 ||     1
       Swiftness         |       |       |       |       |       |       |       |       |     1 ||     1
Invok: Heroism           |       |       |     1 |     4 |    10 |    12 |    11 |    12 |       ||    50
       Finesse           |       |       |       |       |     3 |     5 |     5 |     7 |       ||    20
       Recite            |       |       |       |       |       |       |       |       |    16 ||    16
       Vitalisation      |       |       |       |       |       |       |       |       |    11 ||    11
       Donate Gold       |       |       |       |       |       |       |       |       |     1 ||     1
       Cleansing Flame   |       |       |       |       |       |       |       |       |     8 ||     8
       Summon Divine War |       |       |       |       |       |       |       |       |     6 ||     6
       Divine Shield     |       |       |       |       |       |       |       |       |     3 ||     3
       Brand Weapon With |       |       |       |       |       |       |       |       |     1 ||     1
 Abil: Evoke Invisibilit |       |       |       |       |       |       |       |     1 |       ||     1
       Evoke Flight      |       |       |       |       |       |       |       |       |     2 ||     2
       Stop Flying       |       |       |       |       |       |       |       |       |     1 ||     1
       Evoke Berserk Rag |       |       |       |       |       |       |       |       |     1 ||     1
Evoke: Wand              |       |       |       |       |       |       |       |       |    22 ||    22
  Use: Scroll            |       |       |    13 |     8 |    19 |     7 |     2 |    10 |    71 ||   130
       Potion            |       |       |     2 |     2 |     2 |     2 |     3 |     1 |    54 ||    66
 Stab: Held in net/web   |       |     2 |       |     1 |       |       |       |       |       ||     3
       Sleeping          |       |       |       |     2 |     2 |     2 |     4 |       |       ||    10
       Distracted        |       |       |       |       |     1 |       |     2 |     3 |    22 ||    28
       Confused          |       |       |       |       |       |       |       |       |    16 ||    16
  Eat: Chunk             |     2 |     4 |    19 |    29 |    21 |    27 |    31 |    23 |    50 ||   206
       Bread ration      |       |       |     1 |       |       |       |       |       |     6 ||     7
       Fruit             |       |       |       |     2 |     2 |     2 |     9 |    13 |    29 ||    57
       Beef jerky        |       |       |       |       |     1 |       |       |     1 |     2 ||     4
       Meat ration       |       |       |       |       |     1 |       |       |       |    17 ||    18
       Pizza             |       |       |       |       |       |     1 |       |     1 |     5 ||     7
       Royal jelly       |       |       |       |       |       |       |     1 |       |     2 ||     3
Armor: Scale mail        |    63 |    27 |    82 |    97 |    40 |       |       |    84 |   621 ||  1014
       Plate armour      |       |       |    76 |   134 |       |       |       |     7 |   209 ||   426
       Ring mail         |       |       |       |       |   134 |   106 |    33 |       |       ||   273
       Fire dragon scale |       |       |       |       |       |       |    47 |    40 |       ||    87
Dodge: Dodged            |    30 |    21 |    99 |   254 |   387 |   508 |   521 |   744 |  3149 ||  5713
       Deflected         |       |       |       |       |       |    12 |     9 |     3 |    34 ||    58
Block: Shield            |    48 |    52 |   200 |   440 |   538 |   988 |  1243 |  1324 |  6245 || 11078
       Rpst.: Broad axe  |       |       |       |       |       |       |       |       |   226 ||   226
       Hand crossbow     |       |       |       |       |       |       |       |       |     7 ||     7
